12 | 0:00 | Probe (Chrono Boost) | |
13 | 0:10 | Probe (Chrono Boost) | |
14 | 0:19 | Pylon | |
14 | 0:21 | Probe (Chrono Boost) | |
15 | 0:38 | Pylon | |
15 | 0:42 | Gateway | |
15 | 0:43 | Probe (Chrono Boost) | |
16 | 0:53 | Probe (Chrono Boost) | |
16 | 0:55 | Assimilator | |
17 | 1:03 | Probe (Chrono Boost) | |
18 | 1:13 | Probe (Chrono Boost) | |
19 | 1:24 | Probe (Chrono Boost) | |
20 | 1:30 | Cybernetics Core | |
20 | 1:36 | Probe (Chrono Boost), Pylon | |
21 | 1:40 | Pylon | |
21 | 1:46 | Probe (Chrono Boost) | |
22 | 1:56 | Probe (Chrono Boost) | |
23 | 2:03 | Warp Gate (Chrono Boost) | |
23 | 2:07 | Nexus | |
23 | 2:10 | Probe | |
24 | 2:15 | Adept | |
26 | 2:25 | Assimilator | |
26 | 2:28 | Probe | |
27 | 2:40 | Probe | |
27 | 2:42 | Adept | |
30 | 2:52 | Mothership Core (Chrono Boost) | |
29 | 3:11 | Probe (Chrono Boost) | |
30 | 3:19 | Probe | |
30 | 3:23 | Probe | |
30 | 3:26 | Adept | |
34 | 3:29 | Probe | |
34 | 3:33 | Gateway | |
34 | 3:34 | Gateway | |
35 | 3:35 | Probe | |
35 | 3:37 | Gateway | |
35 | 3:39 | Probe | |
37 | 3:45 | Pylon | |
37 | 3:47 | Probe | |
38 | 3:49 | Probe | |
39 | 3:59 | Probe (Chrono Boost) | |
38 | 4:04 | Probe (Chrono Boost) | |
39 | 4:10 | Probe (Chrono Boost), Gateway | |
39 | 4:14 | Probe (Chrono Boost) | |
41 | 4:17 | Gateway | |
41 | 4:19 | Robotics Facility | |
41 | 4:20 | Probe (Chrono Boost) | |
42 | 4:33 | Probe x2 (Chrono Boost) | |
42 | 4:36 | Assimilator | |
44 | 4:42 | Assimilator | |
44 | 4:43 | Probe x2 (Chrono Boost) | |
46 | 4:53 | Probe x2 (Chrono Boost) | |
48 | 5:03 | Probe (Chrono Boost) | |
48 | 5:05 | Warp Prism (Chrono Boost) | |
51 | 5:20 | Probe | |
51 | 5:21 | Nexus | |
51 | 5:22 | Probe | |
53 | 5:50 | Pylon | |
53 | 5:53 | Pylon | |
53 | 5:57 | Probe | |
53 | 5:59 | Probe | |
53 | 6:07 | Probe | |
52 | 6:11 | Probe | |
52 | 6:16 | Assimilator | |
52 | 6:18 | Probe | |
53 | 6:21 | Adept | |
53 | 6:22 | Adept x5, Assimilator | |
53 | 6:23 | Probe | |
67 | 6:28 | Probe | |
67 | 6:30 | Warp Prism (Chrono Boost) | |
60 | 6:35 | Probe | |
60 | 6:38 | Probe | |
57 | 6:41 | Pylon | |
57 | 6:45 | Pylon | |
57 | 6:46 | Pylon | |
58 | 6:47 | Gateway | |
58 | 6:48 | Probe x2, Adept x2 | |
58 | 6:49 | Gateway | |
58 | 6:50 | Gateway x2 | |
61 | 6:55 | Gateway, Adept x3 | |
67 | 7:02 | Adept | |
69 | 7:10 | Probe x2 | |
69 | 7:12 | Probe | |
72 | 7:20 | Probe x2 | |
74 | 7:24 | Probe | |
74 | 7:25 | Forge | |
74 | 7:27 | Adept x4 | |
74 | 7:28 | Adept x2 | |
87 | 7:46 | Probe x2 | |
87 | 7:48 | Probe | |
90 | 7:53 | Sentry x3 | |
90 | 7:54 | Sentry x5 | |
90 | 7:55 | Sentry x2 | |
92 | 8:59 | Pylon | |
92 | 9:01 | Pylon | |
92 | 9:03 | Pylon | |
92 | 9:05 | Adept x5 | |
92 | 9:06 | Adept x3 | |
108 | 9:33 | Nexus | |
108 | 9:37 | Assimilator | |
108 | 9:38 | Gateway, Robotics Facility x2 | |
108 | 9:41 | Stalker x2, Gateway | |
108 | 9:42 | Stalker x8 | |
108 | 9:43 | Stalker | |
130 | 9:49 | Nexus | |
130 | 9:52 | Pylon x2 | |
130 | 9:55 | Pylon x2 | |
130 | 9:59 | Pylon | |
129 | 10:00 | Pylon | |
129 | 10:06 | Adept x5 | |
127 | 10:09 | Adept | |
123 | 10:18 | Observer (Chrono Boost) | |
121 | 10:24 | Probe | |
122 | 10:30 | Pylon | |
122 | 10:34 | Probe x2 | |
122 | 10:36 | Probe, Observer (Chrono Boost) | |
126 | 10:44 | Probe x2 | |
126 | 10:48 | Probe | |
129 | 10:50 | Photon Cannon | |
129 | 10:54 | Probe x2, Photon Cannon | |
131 | 11:00 | Probe | |
124 | 11:27 | Robotics Bay | |
124 | 11:28 | Probe | |
125 | 11:38 | Probe | |
125 | 11:39 | Protoss Ground Weapons Level 1 (Chrono Boost) | |
125 | 11:41 | Stalker | |
125 | 11:42 | Stalker | |
125 | 11:44 | Stalker x5 | |
125 | 11:45 | Stalker x2, Twilight Council | |
144 | 11:48 | Probe | |
145 | 11:58 | Probe | |
146 | 12:08 | Probe | |
147 | 12:18 | Probe x2 | |
147 | 12:20 | Probe x2 | |
151 | 12:24 | Templar Archives | |
151 | 12:28 | Probe x2 | |
151 | 12:32 | Probe x2 | |
151 | 12:35 | Extended Thermal Lance (Chrono Boost) | |
155 | 12:38 | Probe | |
155 | 12:39 | Nexus | |
156 | 12:48 | Probe | |
169 | 12:51 | Colossus (Chrono Boost) | |
169 | 12:53 | Colossus (Chrono Boost) | |
169 | 12:56 | Colossus (Chrono Boost) | |
175 | 12:59 | Probe | |
176 | 13:11 | Psionic Storm, Pylon | |
176 | 13:13 | Pylon | |
176 | 13:14 | Probe | |
176 | 13:15 | Pylon | |
177 | 13:24 | Probe | |
146 | 13:35 | Probe | |
147 | 13:45 | Probe | |
148 | 13:51 | Pylon | |
148 | 13:53 | Assimilator | |
148 | 13:55 | Probe, Pylon | |
148 | 13:56 | Pylon, Assimilator | |
148 | 14:02 | High Templar x3 | |
152 | 14:03 | High Templar x3 | |
152 | 14:05 | Probe, Adept x6 | |
152 | 14:06 | Adept | |
168 | 14:14 | Shield Upgrade (Chrono Boost) | |
168 | 14:15 | Probe | |
168 | 14:18 | Protoss Ground Weapons Level 2 | |
168 | 14:23 | Nexus | |
167 | 14:36 | Colossus x2 | |
179 | 14:53 | Dark Shrine | |
179 | 14:57 | Observer | |
180 | 15:12 | Stargate | |
180 | 15:18 | Observer | |
177 | 15:27 | Adept x6 | |
177 | 15:28 | Adept x6 | |
169 | 15:29 | Adept | |
169 | 15:30 | Immortal x2 | |
164 | 15:38 | Archon | |
164 | 15:39 | Archon | |
142 | 15:42 | Immortal | |
94 | 15:59 | Stalker x4 | |
94 | 16:00 | Stalker | |
104 | 16:04 | Stalker | |
104 | 16:05 | Stalker | |
104 | 16:08 | Blink (Chrono Boost) | |
102 | 16:16 | Protoss Ground Weapons Level 3 | |
102 | 16:20 | Probe | |
102 | 16:25 | Probe | |
103 | 16:30 | Probe | |
105 | 16:35 | Probe | |
105 | 16:40 | Probe | |
105 | 16:42 | Dark Templar x2 | |
105 | 16:45 | Probe | |
110 | 16:50 | Probe | |
108 | 16:55 | Probe | |
108 | 17:00 | Probe, Colossus | |
114 | 17:04 | Colossus | |
114 | 17:05 | Probe, Dark Templar | |
128 | 17:16 | Probe | |
128 | 17:18 | Probe | |
126 | 17:23 | Assimilator | |
126 | 17:26 | Probe | |
126 | 17:28 | Probe | |
126 | 17:29 | Assimilator | |
127 | 17:36 | Probe | |
128 | 17:38 | Probe | |
130 | 17:46 | Probe | |
130 | 17:48 | Probe | |
130 | 17:51 | Charge (Chrono Boost) | |
132 | 17:56 | Probe | |
131 | 17:58 | Probe | |
131 | 18:04 | Immortal (Chrono Boost) | |
131 | 18:05 | Immortal (Chrono Boost) | |
132 | 18:06 | Immortal (Chrono Boost) | |
144 | 18:25 | Zealot x4 | |
144 | 18:26 | Zealot x7 | |
144 | 18:27 | Zealot x2 | |
170 | 18:38 | Immortal (Chrono Boost) | |
170 | 18:39 | Immortal (Chrono Boost) | |
170 | 18:40 | Immortal (Chrono Boost) | |
182 | 18:56 | Stalker x5, Nexus | |
182 | 18:57 | Stalker x4 | |
199 | 19:30 | Pylon | |
199 | 19:32 | Pylon | |
199 | 19:34 | Protoss Shields Level 1 | |
199 | 19:35 | Pylon | |
199 | 19:37 | Pylon | |
197 | 20:27 | Probe | |
197 | 20:37 | Probe | |
196 | 20:47 | Probe | |
197 | 20:57 | Probe | |
197 | 21:00 | Forge | |
198 | 21:05 | Forge | |
191 | 21:35 | Dark Templar x3 | |
191 | 21:36 | Dark Templar x2 | |
195 | 22:29 | Photon Cannon | |
195 | 22:32 | Gateway | |
195 | 22:33 | Gateway x2 | |
195 | 22:35 | Gateway x2 | |
195 | 22:37 | Photon Cannon x2 | |
195 | 22:39 | Photon Cannon x2 | |
195 | 22:40 | Photon Cannon | |
195 | 22:43 | Pylon, Photon Cannon | |
195 | 22:44 | Photon Cannon | |
185 | 23:14 | Gateway | |
185 | 23:18 | Gateway x3 | |
185 | 23:19 | Gateway | |
180 | 23:20 | Gateway | |
153 | 24:00 | Immortal (Chrono Boost) | |
161 | 24:07 | Immortal (Chrono Boost) | |
161 | 24:11 | Immortal (Chrono Boost) | |
157 | 24:19 | Zealot x3 | |
157 | 24:20 | Zealot x5 | |
173 | 24:29 | Pylon x2 | |
173 | 24:30 | Pylon | |
173 | 24:33 | Immortal (Chrono Boost) | |
177 | 24:42 | Immortal (Chrono Boost) | |
177 | 24:45 | Photon Cannon | |
185 | 24:46 | Immortal (Chrono Boost), Photon Cannon | |
185 | 24:47 | Protoss Shields Level 2 (Chrono Boost), Photon Cannon | |
185 | 24:49 | Photon Cannon | |
185 | 24:50 | Photon Cannon x2 | |
185 | 24:51 | Photon Cannon | |
185 | 24:53 | Photon Cannon | |
185 | 24:56 | Pylon | |
185 | 24:59 | Pylon | |
185 | 25:01 | Pylon | |
185 | 25:30 | Nexus | |
185 | 25:32 | Assimilator | |
185 | 25:38 | Assimilator | |
185 | 25:52 | Nexus | |
184 | 26:10 | Zealot x7 | |
184 | 26:11 | Zealot | |
199 | 26:22 | Cybernetics Core | |
199 | 26:27 | Cybernetics Core | |
199 | 26:33 | Probe | |
200 | 26:52 | Photon Cannon, Assimilator | |
200 | 26:53 | Assimilator | |
200 | 26:54 | Photon Cannon | |
200 | 27:12 | Protoss Shields Level 3 (Chrono Boost) | |
200 | 27:14 | Protoss Ground Armor Level 1 (Chrono Boost) | |
200 | 27:17 | Pylon | |
200 | 27:19 | Pylon | |
200 | 27:33 | Observer | |
200 | 27:43 | Pylon | |
200 | 27:44 | Pylon | |
200 | 27:45 | Pylon | |
200 | 27:48 | Photon Cannon x2 | |
200 | 27:50 | Photon Cannon | |
200 | 27:51 | Photon Cannon | |
200 | 27:53 | Photon Cannon | |
200 | 28:29 | Photon Cannon | |
200 | 28:30 | Photon Cannon | |
200 | 28:34 | Photon Cannon x2 | |
200 | 28:48 | Pylon x2 | |
199 | 28:50 | Photon Cannon | |
199 | 28:51 | Pylon, Photon Cannon | |
199 | 28:53 | Pylon, Photon Cannon | |
199 | 29:15 | Gateway | |
199 | 29:16 | Gateway | |
199 | 29:17 | Gateway | |
199 | 29:18 | Gateway, Pylon | |
199 | 29:19 | Gateway | |
199 | 29:21 | Mothership Core, Gateway | |
199 | 29:23 | Pylon | |
199 | 29:25 | Pylon | |
199 | 29:27 | Nexus | |
196 | 29:39 | Stalker x2 | |
196 | 29:42 | Stalker | |
196 | 29:43 | Stalker | |
199 | 29:46 | Probe | |
200 | 29:57 | Photon Cannon | |
200 | 29:58 | Photon Cannon | |
200 | 30:00 | Pylon, Photon Cannon | |
200 | 30:01 | Pylon | |
200 | 30:08 | Gateway | |
200 | 30:10 | Gateway | |
200 | 30:14 | Gateway | |
200 | 30:17 | Gateway | |
200 | 30:20 | Gateway | |
200 | 30:22 | Pylon | |
200 | 30:24 | Pylon | |
200 | 30:25 | Photon Cannon | |
200 | 30:26 | Photon Cannon | |
200 | 30:28 | Photon Cannon | |
200 | 30:30 | Photon Cannon | |
200 | 30:34 | Photon Cannon | |
200 | 30:40 | Photon Cannon | |
200 | 30:42 | Photon Cannon | |
200 | 30:43 | Photon Cannon | |
200 | 30:44 | Photon Cannon | |
200 | 30:46 | Photon Cannon x2 | |
200 | 30:48 | Photon Cannon | |
200 | 30:49 | Photon Cannon | |
200 | 30:50 | Photon Cannon | |
200 | 30:53 | Photon Cannon | |
200 | 30:54 | Photon Cannon | |
200 | 30:56 | Photon Cannon | |
200 | 30:58 | Photon Cannon | |
200 | 31:00 | Photon Cannon | |
200 | 31:06 | Observer | |
200 | 31:26 | Photon Cannon | |
200 | 31:28 | Photon Cannon | |
200 | 31:29 | Photon Cannon | |
200 | 31:37 | Photon Cannon, Assimilator x2 | |
200 | 31:38 | Protoss Ground Armor Level 2 (Chrono Boost), Photon Cannon | |
200 | 31:39 | Photon Cannon | |
200 | 31:40 | Photon Cannon | |
200 | 31:43 | Photon Cannon | |
200 | 31:48 | Photon Cannon | |
200 | 31:49 | Photon Cannon | |
200 | 31:51 | Photon Cannon | |
200 | 31:54 | Photon Cannon | |
200 | 31:59 | Pylon | |
200 | 32:01 | Pylon, Protoss Air Weapons Level 1 (Chrono Boost) | |
200 | 32:07 | Pylon | |
200 | 32:08 | Nexus, Pylon | |
200 | 32:22 | Pylon | |
200 | 32:23 | Protoss Air Armor Level 1 (Chrono Boost) | |
200 | 32:24 | Pylon | |
200 | 32:27 | Pylon | |
200 | 32:31 | Pylon | |
200 | 32:36 | Mothership Core | |
200 | 33:08 | Pylon | |
200 | 33:10 | Pylon | |
200 | 33:12 | Pylon | |
200 | 33:27 | Pylon | |
200 | 33:28 | Pylon, Photon Cannon | |
200 | 33:31 | Pylon, Photon Cannon | |
200 | 33:32 | Pylon, Photon Cannon | |
200 | 33:35 | Photon Cannon | |
200 | 33:36 | Photon Cannon x2 | |
200 | 33:38 | Photon Cannon | |
200 | 33:39 | Photon Cannon | |
200 | 33:40 | Photon Cannon | |
200 | 33:41 | Photon Cannon x2 | |
200 | 33:46 | Photon Cannon | |
200 | 33:49 | Photon Cannon | |
200 | 33:53 | Photon Cannon | |
200 | 33:54 | Photon Cannon | |
200 | 33:57 | Photon Cannon | |
200 | 34:06 | Stargate | |
200 | 34:09 | Stargate | |
200 | 34:10 | Stargate | |
200 | 34:11 | Stargate | |
200 | 34:14 | Stargate | |
200 | 34:15 | Stargate | |
190 | 34:17 | Stalker x2 | |
190 | 34:18 | Stalker x6 | |
190 | 34:19 | Stalker x2 | |
190 | 34:20 | Stalker x4 | |
190 | 34:21 | Stalker x2 | |
174 | 34:26 | Stalker x3 | |
174 | 34:27 | Stalker x3 | |
98 | 34:50 | Zealot x3 | |
98 | 34:51 | Zealot x5 | |
98 | 34:52 | Stalker x2, Zealot x6 | |
126 | 34:53 | Stalker x3, Zealot x2 | |
126 | 34:54 | Stalker | |
130 | 35:10 | Fleet Beacon | |
128 | 35:30 | High Templar x3 | |
128 | 35:31 | High Templar x4 | |
128 | 35:32 | High Templar | |
128 | 35:34 | Robotics Bay | |
144 | 35:36 | Carrier (Chrono Boost) | |
144 | 35:38 | Carrier x2 (Chrono Boost) | |
144 | 35:39 | Carrier (Chrono Boost) | |
144 | 35:47 | Carrier x2 (Chrono Boost) | |
144 | 35:52 | Assimilator | |
144 | 35:53 | Assimilator | |
172 | 36:22 | Protoss Air Armor Level 2, Protoss Air Weapons Level 2 | |
172 | 36:29 | Colossus | |
172 | 36:30 | Colossus x2 | |
190 | 36:35 | Carrier (Chrono Boost) | |
190 | 36:47 | Photon Cannon | |
190 | 36:58 | Carrier (Chrono Boost) | |
190 | 37:00 | Carrier (Chrono Boost) | |
178 | 37:08 | Tempest (Chrono Boost) | |
178 | 37:15 | Tempest x2 (Chrono Boost) | |
182 | 37:59 | Tempest (Chrono Boost) | |
182 | 38:00 | Tempest (Chrono Boost) | |
182 | 38:01 | Tempest (Chrono Boost) | |
198 | 38:06 | Tempest (Chrono Boost) | |
196 | 38:40 | Observer x2 | |
198 | 39:10 | Probe | |
199 | 39:23 | Probe | |
200 | 39:58 | Assimilator | |
199 | 40:02 | Assimilator | |
199 | 40:27 | Observer x2 | |